 Dungeon Crawl Stone Soup version 0.32-a0-685-g93135e86f0 (webtiles) character file.

Game seed: 14742871203962643050

4 cforsyth the Firebug (level 1, -1/19 HPs)
             Began as a Mountain Dwarf Cinder Acolyte on Mar 12, 2024.
             Was a High Priest of Ignis.
             Killed from afar by a dart slug (2 damage)
             ... with a slug dart
             ... on level 1 of the Dungeon.
             The game lasted 00:00:12 (103 turns).

cforsyth the Firebug (Mountain Dwarf Cinder Acolyte) Turns: 103, Time: 00:00:12

Health: -1/19      AC:  2    Str: 16    XL:     1   Next: 50%
Magic:  2/2        EV: 11    Int: 14    God:    Ignis [*****.]
Gold:   13         SH:  0    Dex:  5    Spells: 2/2 levels left

rFire   + . .        a - -1 hand axe (flame)
rCold   . . .        (no shield)
rNeg    . . .        b - +0 robe
rPois   .            (no helmet)
rElec   .            (no cloak)
rCorr   .            (no gloves)
SInv    .            (no boots)
Will    .....        (no amulet)
Stlth   +            (no ring)
HPRegen 0.23/turn    (no ring)
MPRegen 0.08/turn

%: no passive effects
@: no status effects
A: runic magic, artefact enchanting
a: Renounce Religion, Fiery Armour, Foxfire Swarm, Rising Flame


You were on level 1 of the Dungeon.
You worshipped Ignis.
Ignis was extremely pleased with you.
You visited 1 branch of the dungeon, and saw 1 of its levels.

You collected 13 gold pieces.


Innate Abilities, Weirdness & Mutations

Your spellcasting is much less encumbered by armour.
You can use scrolls of enchantment on lesser artefacts.


   Skills:
 + Level 3.3 Fighting
 + Level 3.7 Axes
 + Level 0.2 Armour
 + Level 1.0 Spellcasting
 + Level 3.7 Fire Magic


You had 2 spell levels left.
You didn't know any spells.
Your spell library contained the following spells:

 Spells                   Type           Power      Damage    Failure   Level
 Scorch                   Fire           22%        2d5       9%          2

Inventory:

Hand Weapons
 a - a -1 hand axe of flaming (weapon)
Armour
 b - a +0 robe (worn)

Dungeon Overview and Level Annotations

Branches:
Dungeon (1/15)

Altars:

###......####
##........##
########
#.....>....#
#..........#.
###########........
#.....# #.........
.......###.........
.!.................
...........#.......
....w..†@#######...
............# #..
................ ##
.......#........
......##........
...### #........
##. ##....... #
.....>.


You could see a dart slug.


Message History

The slug dart hits you.
* * * LOW HITPOINT WARNING * * *
The goblin hits you with a +0 dagger.
* * * LOW HITPOINT WARNING * * *
You barely miss the goblin.
The goblin is heavily wounded.
You closely miss the giant cockroach.
The giant cockroach bites you but does no damage.
The goblin closely misses you. The dart slug launches a dart at you.
The slug dart hits you.
* * * LOW HITPOINT WARNING * * *
You hit the goblin. You burn the goblin.
You kill the goblin!
You completely miss the giant cockroach.
The giant cockroach bites you but does no damage.
The giant cockroach barely misses you.
Unknown command.
The giant cockroach attacks as it pursues you!
The giant cockroach bites you.
* * * LOW HITPOINT WARNING * * *
You see here a +0 dagger.
Unknown command.
Unknown command.
You hit the giant cockroach. You burn the giant cockroach.
You kill the giant cockroach!
The dart slug launches a dart at you. The slug dart hits you.
You die...
Ignis goes out, and joins you in death.

Action                     || total
---------------------------++-------
  Melee: Hand axe          ||    15
 Armour: Robe              ||    20
  Dodge: Dodged            ||    12

Levels and vault maps discovered:
D:1:      dpeg_arrival_snail, layout_rooms, serial_shops, shop

Notes
Turn   | Place    | Note
-------+----------+-------------------------------------------
     0 | D:1      | cforsyth the Mountain Dwarf Cinder Acolyte began the quest
                  | for the Orb.
     0 | D:1      | Reached XP level 1. HP: 19/19 MP: 2/2
   102 | D:1      | HP: 1/19 [giant cockroach (2)]
   103 | D:1      | Killed from afar by a dart slug

Vanquished Creatures
  A giant cockroach (D:1)
  A goblin (D:1)
  A hobgoblin (D:1)
  A quokka (D:1)
4 creatures vanquished.

Table legend: (Time is in decaauts)
 A = Elapsed time spent in this place.
 B = Non-inter-level travel time spent in this place.
 C = Inter-level travel time spent in this place.
 D = Time resting spent in this place.
 E = Time spent auto-exploring this place.
 F = Levels seen in this place.
 G = Mean time per level.
                   A        B        C        D        E       F      G
               +--------+--------+--------+--------+--------+-----+--------+
         Total |    104 |    104 |      0 |      0 |     77 |   1 |  104.0 |
       Dungeon |    104 |    104 |      0 |      0 |     77 |   1 |  104.0 |
               +--------+--------+--------+--------+--------+-----+--------+

Top non-repeatable levels by time:
     D:1: 104 daAuts

Table legend:
 A = Non-vault XP
 B = Vault XP
 C = Vault XP percentage of total XP
 D = Non-vault monster count
 E = Vault monster count
 F = Vault count percentage of total count
                 A         B        C        D         E       F
            +---------+---------+-------+---------+---------+-------
      Total |       8 |       0 |   0.0 |       4 |       0 |   0.0
            +---------+---------+-------+---------+---------+-------
        D:1 |       8 |       0 |   0.0 |       4 |       0 |   0.0
            +---------+---------+-------+---------+---------+-------
